 Dungeon Crawl Stone Soup version 0.19-a0-1071-g4ed3155 (webtiles) character file.

98650 junb69 the Fighter (level 15, -19/138 HPs)
             Began as a Grey Draconian Gladiator on Aug 5, 2016.
             Was the Champion of Okawaru.
             Demolished by a sphinx (22 damage)
             ... summoned by Kirke
             ... on level 6 of the Lair of Beasts.
             The game lasted 01:46:00 (30508 turns).

junb69 the Fighter (Grey Draconian Gladiator)      Turns: 30508, Time: 01:46:01

Health: -19/138    AC: 17    Str: 26    XL:     15   Next: 75%
Magic:  28/30      EV: 20    Int: 10    God:    Okawaru [******]
Gold:   1820       SH: 15    Dex: 14    Spells: 0 memorised, 14 levels left

rFire  . . .     SeeInvis .     B - +7 rapier "Wontiem" {pierce, rElec MP+9 Str+5 Int-2}
rCold  . . .     Gourm    .     (armour unavailable)
rNeg   . . .     Faith    +     G - +2 shield
rPois  .         Spirit   .     b - +0 hat
rElec  +         Dismiss  .     c - +0 cloak {+Inv}
rCorr  +         Reflect  .     J - +0 pair of gloves {Str+3}
SustAt +         Harm     .     j - +0 pair of boots {Stlth+}
MR     +....                    L - amulet of faith
Stlth  +++.......               T - ring of sustain attributes
                                x - ring of resist corrosion

@: about to teleport, slowed, very slow
A: walk through water, unfitting armour, horns 1, unbreathing, cold-blooded, AC
+14
a: Heroism, Finesse, Renounce Religion, Evoke Invisibility


You were on level 6 of the Lair of Beasts.
You worshipped Okawaru.
Okawaru was exalted by your worship.
You were not hungry.

You visited 3 branches of the dungeon, and saw 23 of its levels.
You also visited: Labyrinth and Ossuary.

You collected 2413 gold pieces.
You spent 593 gold pieces at shops.

Inventory:

Hand Weapons
 B - the +7 rapier "Wontiem" (weapon) {pierce, rElec MP+9 Str+5 Int-2}
   (You found it on level 6 of the Dungeon)

   It inflicts extra damage upon your enemies.
   It affects your strength (+5).
   It affects your intelligence (-2).
   It insulates you from electricity.
   It affects your magic capacity (+9).
Missiles
 O - 4 throwing nets (quivered)
Armour
 b - a +0 hat (worn)
 c - a +0 cloak of invisibility (worn)
 j - a +0 pair of boots of stealth (worn)
 G - a +2 shield (worn)
 J - a +0 pair of gloves of strength (worn)
Rods
 y - a +7 rod of inaccuracy (13/13)
   (You took it off a minotaur in a labyrinth)
 z - a +1 lightning rod (14/14)
   (You found it on level 6 of the Dungeon)
Jewellery
 x - a ring of resist corrosion (left hand)
 L - an amulet of faith (around neck)
 T - a ring of sustain attributes (right hand)
Wands
 k - a wand of paralysis (11/24)
 n - a wand of heal wounds (8/9)
 r - a wand of confusion (12/48)
 I - a wand of lightning (13/15)
 S - a wand of digging (11/24)
Scrolls
 a - a scroll of teleportation
 f - a scroll of holy word
 l - a scroll of silence
 s - a scroll of magic mapping
 v - a scroll of identify
 H - 2 scrolls of recharging
 P - 7 scrolls of remove curse
 Q - a scroll of fog
 R - a scroll of summoning
Potions
 e - 4 potions of resistance
 g - 3 potions of cure mutation
 m - 3 potions of agility
 o - 3 potions of lignification
 t - a potion of flight
 C - 10 potions of curing
Books
 u - a book of Misfortune

   Spells                             Type                      Level
   a - Confusing Touch                Hexes                        1
   b - Confuse                        Hexes                        3
   c - Gell's Gravitas                Hexes/Translocation          3
   d - Petrify                        Transmutation/Earth          4
   e - Metabolic Englaciation         Hexes/Ice                    5
   f - Yara's Violent Unravelling     Hexes/Transmutation          5
Comestibles
 d - 10 bread rations
 h - 2 royal jellies
 i - 4 fruits
 p - 7 meat rations
 q - 3 chunks of flesh
 w - 5 beef jerkies
 E - 4 slices of pizza


   Skills:
 - Level 14.1 Fighting
 - Level 13.1(14.1) Short Blades
   Level 9.4(12.4) Long Blades
 - Level 1.7 Throwing
 * Level 13.4 Dodging
 * Level 11.0 Shields
 - Level 8.9 Evocations


You had 14 spell levels left.
You didn't know any spells.

Dungeon Overview and Level Annotations

Branches:
Dungeon (15/15)            Temple (0/1) D:6            Lair (6/6) D:9
  Swamp (0/4) Lair:4        Snake (0/4) Lair:2        Slime (0/5) Lair:6
    Orc (2/2) D:11            Elf (0/3) Orc:2        Vaults (0/5) D:13
 Depths (0/5) D:15

Altars:
Cheibriados
Fedhas
Gozag
Nemelex Xobeh
Okawaru
Qazlal
Sif Muna
Trog
Uskayaw
Xom
Zin
The Shining One

Shops:
D:7 *   D:9 !   D:15 *   Orc:2 *((*

Annotations:
D:8 whomadewhat's ghost, novice TrMo
Lair:2 Gastronok
Lair:6 Kirke


Innate Abilities, Weirdness & Mutations

You can walk through water.
Your dull iron-grey scales are very hard. (AC +14)
Your body does not fit into most forms of armour.
You can survive without breathing.
You are cold-blooded and may be slowed by cold attacks.
You have a pair of small horns on your head.


Message History

The sphinx hits you!
* * * LOW HITPOINT WARNING * * *
The sphinx hits you but does no damage. You block the sphinx's attack.
The harpy barely misses you. The harpy claws you but does no damage.
Something tries to affect you, but you resist.
You swap places.
The harpy claws you but does no damage. You block the harpy's attack.
The harpy claws your basilisk! x2
The harpy claws your yak!
The harpy claws your yak but does no damage.
Your black mamba closely misses the harpy.
The sphinx completely misses you. You block the sphinx's attack.
The sphinx hits you but does no damage. The harpy closely misses your basilisk.
The harpy claws your basilisk!
The harpy claws your yak but does no damage.
The harpy claws your yak. Something barely misses you.
Your black mamba closely misses the harpy.
Your death yak gores the harpy!!
Your death yak gores the harpy.
Your yak closely misses something.
Your basilisk barely misses the harpy.
Your yak gores something!
The sphinx hits you!!
You die...

##.#.....#.# #........≈≈##≈≈#≈
#......#.## #..........≈≈≈≈#8
####...(..#### ##........≈≈≈≈≈##
##.......(....# #.......≈≈≈#≈≈#.
#.............# ##H.####≈≈#≈≈≈#≈
#............## #..#.P#..≈≈≈≈≈#≈
#...#.........#####(P.....≈≈P≈≈#≈
######........##YH(.......≈≈#≈≈#≈
#.#.##..###..YlH@.HY.).#...#≈≈≈#≈
......#.##...YYSYYYY..#...≈≈≈≈≈#≈
.......####...Y#.Y#######..≈≈≈≈#≈
....#...###..Y##### #...≈#≈≈≈#≈
...#....##....# ###≈≈##≈≈#.
........#..#### ##P.≈≈≈≈##
#.......#.## #≈..≈≈≈≈#8
..#....###.# ###≈≈#≈≈#≈
.......##.## #≈##≈≈#≈


You could see a sphinx, 2 harpies, 6 friendly death yaks, a friendly black
mamba, 6 friendly yaks and a friendly basilisk.

Vanquished Creatures
  The ghost of Leszczynek the Bludgeoner, a journeyman OgEE of Nemelex Xobeh (Lair:2)
  2 entropy weavers (Lair:6)
  A dire elephant (Lair:6)
  Josephine (Lair:6)
  A minotaur (Lab)
  A yaktaur captain (D:15)
  A vault guard (D:13)
  Fannar (D:12)
  A merfolk avatar (Lair:6)
  5 hydras
  8 centaur warriors
  2 catoblepae
  Harold (D:10)
  An ogre mage (Orc:1)
  The ghost of eragonby the Thaumaturge, a journeyman DECj of Hepliaklqana (Lair:1)
  3 tengu warriors
  A queen ant (Lair:6)
  An orc high priest (Orc:2)
  Urug (Lair:5)
  The ghost of whomadewhat the Protected, a novice MiBe of Trog (D:6)
  A deep troll (D:15)
  2 unseen horrors (D:15)
  6 hill giants
  A harpy (Lair:6)
  A deep elf mage (D:13)
  A necromancer (D:13)
  A wizard (D:13)
  A wolf spider zombie (D:13)
  6 griffons
  4 orc knights (Orc:2)
  5 orc sorcerers (Orc:2)
  An ugly thing (D:13)
  3 manticores (Lair:6)
  8 elephants (Lair:6)
  3 cyclopes
  2 black mambas
  Maurice (D:8)
  A guardian serpent (D:15)
  5 gargoyles
  13 spiny frogs
  6 centaur skeletons
  A rime drake (Lair:6)
  A kobold demonologist (D:13)
  An efreet (D:13)
  14 komodo dragons
  2 yaktaurs
  3 meliai (D:15)
  A tengu conjurer (D:15)
  5 trolls
  3 polar bears
  3 two-headed ogres
  Prince Ribbit (D:8)
  17 blink frogs
  3 slime creatures (D:12)
  A meliai zombie (D:12)
  A redback (Lab)
  7 wraiths
  39 yaks
  A shadow (D:8)
  A vampire (D:10)
  4 water elementals (D:12)
  4 wyverns (Lair:6)
  7 hogs
  Grum (D:10)
  3 basilisks
  A hog (shapeshifter) (D:15)
  5 hippogriffs
  19 humans
  2 hungry ghosts
  A warg (Orc:2)
  8 vampire mosquitoes
  Menkaure (D:5)
  A mottled dragon (D:12)
  Edmund (D:4)
  22 soldier ants
  22 water moccasins
  3 sky beasts
  7 porcupines
  A black bear (Lair:1)
  24 orc warriors
  4 ice beasts
  A wasp (Lair:6)
  An eye of draining (D:15)
  2 necrophages
  4 phantoms
  10 wolves
  14 ogres
  21 centaurs
  17 crocodiles
  Blork the orc (D:5)
  2 big kobolds
  19 giant frogs
  5 scorpions
  A water moccasin skeleton (D:7)
  13 wights
  14 killer bees
  5 electric eels
  3 howler monkeys
  4 jellies
  6 crimson imps
  4 quasits
  4 centaur zombies
  A giant frog zombie (D:12)
  Crazy Yiuf (D:6)
  41 orc wizards
  16 orc priests
  7 hounds
  2 giant frog skeletons
  15 iguanas
  30 worker ants
  17 sheep
  A hound zombie (D:8)
  5 hound skeletons
  A worker ant zombie (D:6)
  6 gnolls
  15 adders
  15 river rats
  4 shadow imps
  4 worms (D:2)
  A dart slug (D:1)
  5 giant geckos
  88 orcs
  5 bats
  2 giant cockroaches
  2 goblins (D:3)
  6 hobgoblins
  10 jackals
  15 kobolds
  6 quokkas
  A ball python (D:5)
  4 giant newts
  A goblin zombie (Ossuary)
  13 rats
  A bush (D:11)
845 creatures vanquished.

Vanquished Creatures (others)
  A killer bee (D:13)
  An orc wizard (D:9)
  An orc (D:9)
  A kobold (D:9)
  A fulminant prism (Lair:1)
  18 fungi
  26 plants
49 creatures vanquished.

Grand Total: 894 creatures vanquished

Notes
Turn   | Place    | Note
-------+----------+-------------------------------------------
     0 | D:1      | junb69 the Draconian Gladiator began the quest for the Orb.
     0 | D:1      | Reached XP level 1. HP: 17/17 MP: 1/1
   285 | D:1      | Reached XP level 2. HP: 9/24 MP: 2/2
   497 | D:1      | You fall through a shaft!
   497 | D:2      | Found a shimmering altar of Xom.
   939 | D:2      | Reached XP level 3. HP: 29/29 MP: 3/3
  1567 | D:2      | Reached XP level 4. HP: 36/36 MP: 4/4
  1619 | D:2      | Reached skill level 5 in Long Blades
  1872 | D:2      | Found a faded altar of an unknown god.
  1940 | D:2      | Found a bloodstained altar of Trog.
  1946 | D:2      | Found an iron altar of Okawaru.
  2049 | D:2      | Found a hide-covered altar of Uskayaw.
  2604 | D:3      | Found a glowing golden altar of the Shining One.
  2605 | D:3      | Found a blossoming altar of Fedhas.
  2606 | D:3      | Found a snail-covered altar of Cheibriados.
  2720 | D:3      | Reached XP level 5. HP: 41/41 MP: 5/5
  3126 | D:3      | Found a bloodstained altar of Trog.
  3197 | D:3      | Found an opulent altar of Gozag.
  3285 | D:3      | Found a deep blue altar of Sif Muna.
  3376 | D:2      | Became a worshipper of Warmaster Okawaru
  3739 | D:4      | Reached XP level 6. HP: 10/48 MP: 6/6
  4300 | D:4      | Found a sand-covered staircase.
  4305 | Ossuary  | Entered an ossuary
  4652 | D:5      | Entered Level 5 of the Dungeon
  4673 | D:5      | Noticed Blork the orc
  4693 | D:5      | Killed Blork the orc
  4693 | D:5      | Reached * piety under Okawaru
  4715 | D:5      | Got a twisted short sword
  4716 | D:5      | Identified the cursed +1 short sword "Ileriu" {pain, Str+3 Int+5 Stlth-} (You found it on level 5 of the Dungeon)
  4779 | D:5      | Noticed Edmund
  4810 | D:4      | Killed Edmund
  4810 | D:4      | Your scales start taking on a dull iron-grey colour.
  4810 | D:4      | Reached XP level 7. HP: 22/55 MP: 4/7
  4810 | D:4      | Gained mutation: You can survive without breathing. [Grey Draconian growth]
  5307 | D:5      | HP: 1/55 [acid (14)]
  5630 | D:5      | Noticed Menkaure
  5636 | D:5      | Killed Menkaure
  5804 | D:6      | Reached ** piety under Okawaru
  5813 | D:6      | Reached skill level 3 in Fighting
  5813 | D:6      | Reached XP level 8. HP: 54/63 MP: 8/8
  5816 | D:6      | Reached skill level 4 in Fighting
  5887 | D:6      | Reached skill level 5 in Fighting
  5913 | D:6      | Found a glowing silver altar of Zin.
  5919 | D:6      | Found a staircase to the Ecumenical Temple.
  5956 | D:6      | Reached skill level 1 in Evocations
  6018 | D:6      | Reached skill level 6 in Fighting
  6226 | D:6      | Got an encrusted rapier
  6227 | D:6      | Identified the +7 rapier "Wontiem" {pierce, rElec MP+9 Str+5 Int-2} (You found it on level 6 of the Dungeon)
  6399 | D:6      | Found a runed door.
  6403 | D:6      | Noticed Crazy Yiuf
  6408 | D:6      | Killed Crazy Yiuf
  6490 | D:6      | Noticed whomadewhat's ghost (novice MiBe)
  6531 | D:6      | Killed whomadewhat's ghost
  6531 | D:6      | Reached *** piety under Okawaru
  6531 | D:6      | Reached skill level 7 in Fighting
  6531 | D:6      | Reached skill level 5 in Evocations
  6531 | D:6      | Reached XP level 9. HP: 45/81 MP: 12/12
  6543 | D:6      | Gained mutation: You have a pair of small horns on your head. [potion of beneficial mutation]
  6750 | D:6      | Reached skill level 8 in Fighting
  6925 | D:7      | Found a sparkling altar of Nemelex Xobeh.
  7013 | D:7      | Found Pefiumuch's Assorted Antiques.
  7021 | D:7      | Bought a scroll labeled URCHIA TIODOCVEE for 25 gold pieces
  7021 | D:7      | Bought a scroll labeled URCHIA TIODOCVEE for 25 gold pieces
  7108 | D:7      | Reached skill level 1 in Short Blades
  7219 | D:7      | Found a sparkling altar of Nemelex Xobeh.
  7459 | D:7      | Reached **** piety under Okawaru
  7886 | D:8      | Noticed whomadewhat's ghost (novice TrMo)
  7888 | D:8      | Noticed Maurice
  7946 | D:7      | Bought a scroll of identify for 50 gold pieces
  8133 | D:8      | Reached XP level 10. HP: 90/90 MP: 14/14
  8152 | D:8      | Reached skill level 1 in Shields
  8176 | D:8      | Killed Maurice
  8422 | D:8      | Reached skill level 9 in Fighting
  8558 | D:8      | Noticed Prince Ribbit
  8565 | D:8      | Killed Prince Ribbit
  8914 | D:9      | Found a staircase to the Lair.
  9021 | D:9      | Found a stormy altar of Qazlal.
  9174 | D:9      | Reached ***** piety under Okawaru
  9174 | D:9      | Reached skill level 5 in Dodging
  9186 | D:9      | Received a gift from Okawaru
  9770 | D:9      | Found Yskostri's Distillery.
  9890 | D:9      | Noticed a griffon
  9911 | D:9      | Killed a griffon
  9916 | D:9      | Reached skill level 5 in Shields
 10202 | Lair:1   | Entered Level 1 of the Lair of Beasts
 10213 | Lair:1   | Reached XP level 11. HP: 85/96 MP: 17/17
 10330 | Lair:1   | Noticed eragonby's ghost (journeyman DECj)
 10342 | Lair:1   | Killed eragonby's ghost
 10832 | Lair:1   | Identified the Handbook of Dislocated Venom
 10938 | Lair:2   | Noticed Gastronok
 11130 | Lair:2   | Found a staircase to the Snake Pit.
 11307 | Lair:2   | Noticed Leszczynek's ghost (journeyman OgEE)
 11337 | Lair:2   | Killed Leszczynek's ghost
 11389 | Lair:2   | Reached ****** piety under Okawaru
 11727 | Lair:2   | Received a gift from Okawaru
 12164 | Lair:3   | Reached skill level 10 in Fighting
 12240 | Lair:3   | Reached skill level 5 in Short Blades
 12240 | Lair:3   | Reached XP level 12. HP: 93/105 MP: 18/18
 12999 | Lair:3   | Reached skill level 11 in Fighting
 13080 | Lair:3   | Noticed a catoblepas
 13128 | Lair:3   | Killed a catoblepas
 13726 | Lair:4   | Received a gift from Okawaru
 13730 | Lair:4   | Got a bloodstained rapier {god gift}
 13762 | Lair:4   | Identified the +8 rapier of the Onslaught {venom, rN+ MR+ Str+5} (Okawaru gifted it to you on level 4 of the Lair of Beasts)
 14433 | Lair:4   | Found a staircase to the Swamp.
 15561 | Lair:5   | Noticed Urug
 15580 | Lair:5   | Killed Urug
 15588 | Lair:5   | Received a gift from Okawaru
 15779 | Lair:5   | Noticed a five-headed hydra
 15785 | Lair:5   | Killed a five-headed hydra
 15828 | Lair:5   | Reached XP level 13. HP: 86/116 MP: 19/19
 16708 | D:10     | Entered Level 10 of the Dungeon
 16803 | D:10     | Noticed Grum
 16813 | D:10     | Killed Grum
 17063 | D:10     | Noticed Harold
 17078 | D:10     | Killed Harold
 17321 | D:11     | Found a staircase to the Orcish Mines.
 17832 | D:11     | Found a blossoming altar of Fedhas.
 18155 | Orc:1    | Entered Level 1 of the Orcish Mines
 18160 | Orc:1    | Reached skill level 10 in Shields
 18278 | Orc:2    | Entered Level 2 of the Orcish Mines
 18671 | Orc:2    | Found a staircase to the Elven Halls.
 18922 | Orc:2    | Received a gift from Okawaru
 19106 | Orc:2    | Reached skill level 12 in Fighting
 19129 | Orc:2    | Reached skill level 10 in Dodging
 19556 | Orc:2    | Found Jeyhuod's Assorted Antiques.
 19556 | Orc:2    | Found Bolyesatuf's Weapon Boutique.
 19557 | Orc:2    | Found Relophi's Assorted Antiques.
 19596 | Orc:2    | Found Futhois's Antique Weapon Shop.
 19837 | Orc:2    | Bought a scroll of magic mapping for 119 gold pieces
 19837 | Orc:2    | Bought a brass ring for 170 gold pieces
 19837 | Orc:2    | Bought a scroll of remove curse for 102 gold pieces
 19837 | Orc:2    | Bought a scroll of remove curse for 102 gold pieces
 20565 | Orc:2    | Received a gift from Okawaru
 21145 | D:12     | Noticed Fannar
 21835 | D:12     | Reached skill level 13 in Fighting
 21917 | D:12     | Killed Fannar
 21917 | D:12     | Reached XP level 14. HP: 115/128 MP: 20/20
 22779 | D:13     | Received a gift from Okawaru
 23076 | D:13     | Found a sparkling altar of Nemelex Xobeh.
 23592 | D:13     | Reached skill level 14 in Fighting
 23875 | D:13     | Found a gate to the Vaults.
 24323 | D:14     | Found a labyrinth entrance.
 24339 | D:14     | Reached skill level 10 in Short Blades
 24347 | D:14     | Received a gift from Okawaru
 24348 | D:14     | Got a bloodstained large shield {god gift}
 24355 | Lab      | Entered a labyrinth
 24366 | Lab      | Identified the +1 large shield of Valour {rElec rF+ Int+3 Stlth+} (Okawaru gifted it to you on level 14 of the Dungeon)
 25551 | D:14     | Identified a +7 rod of inaccuracy (13/13) (You took it off a minotaur in a labyrinth)
 26019 | D:15     | Entered Level 15 of the Dungeon
 26483 | D:15     | Received a gift from Okawaru
 26762 | D:15     | Reached XP level 15. HP: 113/137 MP: 21/21
 26866 | D:15     | Found Emmaf's Assorted Antiques.
 27224 | D:15     | Found a staircase to the Depths.
 27802 | Lair:6   | Entered Level 6 of the Lair of Beasts
 28382 | Lair:6   | Noticed Kirke
 29046 | Lair:6   | Received a gift from Okawaru
 29761 | Lair:6   | Noticed Josephine
 29777 | Lair:6   | Killed Josephine
 30049 | Lair:6   | Found a staircase to the Slime Pits.
 30487 | Lair:6   | Noticed a sphinx
 30497 | Lair:6   | Paralysed by a sphinx for 7 turns
 30507 | Lair:6   | HP: 2/138 [sphinx[Kirke] (15)]
 30508 | Lair:6   | Demolished by a sphinx

Vault maps used:
D:1:      nagdon_arrival_zigzag_paths, minmay_crystal_room
D:2:      minitemple, marbit_many_paths, lemuel_round_altar, ecumenical_altar_1
D:3:      nicolae_gozag_cash_rules_everything_around_me,
          lemuel_coloured_pillars_altar, grunt_temple_overflow_open,
          trog_butcher_becter
D:4:      enter_ossuary_2, first_bread
D:5:      uniq_blork_the_orc, uniq_menkaure, uniq_edmund
D:6:      lemuel_doored_altar, uniq_crazy_yiuf_cottage
D:7:      old_standard_altar, serial_shops, shop, grunt_livestock,
          nemelex_xobeh_ov_fountains_minmay
D:8:      uniq_prince_ribbit1, uniq_maurice
D:9:      minmay_shrinking_squares, grunt_qazlal_clouds, lair_0_dummy,
          serial_shops, shop, nicolae_sextant
D:10:     uniq_grum, uniq_harold
D:11:     hiddenorc2_lemuel, fedhas_bush_and_centaur_altar
D:12:     nicolae_underground_beach, uniq_fannar
D:13:     grunt_vaults_entry_tiered, nemelex_diamond_rough_becter
D:14:     lab_entry_generic, minmay_misc_feat_square
D:15:     hangedman_depths_entry_civil_slaughter, serial_shops,
          nicolae_shop_stone, nrook_mini_vaults, nrook_guardian_serpent_double
Lair:1:   gammafunk_lair_bear_cave
Lair:2:   minmay_snake_entry_six_corridors, uniq_gastronok
Lair:3:   serial_bayou, serial_bayou_pond_b, serial_bayou_ford_a,
          serial_bayou_crossing, serial_bayou_lagoon_b, st_stairs_3,
          beast_lair_carwin_6
Lair:4:   swamp_mist_pool, grunt_megastairs_3
Lair:5:   minmay_holes, st_stairs_13, serial_bayou_pond_d,
          cheibrodos_lair_reptile_den, uniq_urug
Lair:6:   gammafunk_lair_ancient_temple, dpeg_slime_entry_corner, zaba_anthell,
          uniq_kirke, uniq_josephine
Orc:2:    st_orc_mages
Lab:      labyrinth_watery, nicolae_lab_plus, nicolae_lab_hexagon,
          nicolae_lab_big_swirl
Ossuary:  ossuary_minmay_tomb_2a

Skill      XL: |  1  2  3  4  5  6  7  8  9 10 11 12 13 14 15 |
---------------+----------------------------------------------+-----
Long Blades    | 4 5 6 8 9 |  9.4
Fighting       | 3 7 8 9 10 11 13 14 | 14.1
Evocations     | 5 6 8 |  8.9
Short Blades   | 3 5 8 11 13 | 13.1
Dodging        | 4 5 7 8 10 12 13 | 13.4
Shields        | 5 7 8 10 11 | 11.0
Throwing       | |  1.7

Action                   |  1- 3 |  4- 6 |  7- 9 | 10-12 | 13-15 || total
-------------------------+-------+-------+-------+-------+-------++-------
Melee: Long sword        |   116 |   233 |   156 |       |       ||   505
       Tailslap          |     8 |    28 |    43 |    96 |   372 ||   547
       Short sword       |       |    27 |       |       |       ||    27
       Rapier            |       |       |   186 |   747 |  1847 ||  2780
       Punch             |       |       |     1 |       |       ||     1
       Headbutt          |       |       |    23 |   162 |   484 ||   669
       Unarmed           |       |       |       |       |     3 ||     3
Throw: Throwing net      |     1 |     3 |       |       |       ||     4
Invok: Heroism           |       |     1 |     6 |    10 |    15 ||    32
       Finesse           |       |       |       |     1 |     2 ||     3
 Abil: Evoke Invisibilit |       |       |       |    12 |    22 ||    34
Evoke: Wand              |       |     2 |     4 |     1 |     9 ||    16
  Use: Scroll            |       |    12 |    10 |     9 |    18 ||    49
       Potion            |       |       |     2 |     1 |     8 ||    11
 Stab: Held in net/web   |     1 |     2 |       |       |       ||     3
       Invisible         |       |       |     6 |    23 |    49 ||    78
       Sleeping          |       |       |       |     4 |     2 ||     6
       Confused          |       |       |       |       |     1 ||     1
       Distracted        |       |       |       |       |     1 ||     1
  Eat: Chunk             |     2 |    11 |    10 |    27 |    48 ||    98
       Pizza             |       |       |       |     3 |     2 ||     5
       Fruit             |       |       |       |       |     8 ||     8
       Bread ration      |       |       |       |       |     1 ||     1
Armor: Skin              |    24 |    60 |   110 |   113 |   344 ||   651
Dodge: Dodged            |    59 |   127 |   164 |   272 |   790 ||  1412
Block: Shield            |       |       |     1 |   364 |  1156 ||  1521
